 Dungeon Crawl Stone Soup version 0.30-a0-354-g6b83867211 (webtiles) character file.

Game seed: 7605546405312882791

2149 koil the Covert (level 9, -2/31 (44) HPs)
             Began as a Spriggan Enchanter on Nov 8, 2022.
             Was an Initiate of Gozag.
             Slain by a wight
             ... wielding a +6 scimitar
              (5 damage)
             ... on level 6 of the Dungeon.
             The game lasted 00:24:38 (6125 turns).

koil the Covert (Spriggan Enchanter)                Turns: 6125, Time: 00:24:46

HP:   -2/31 (44)    AC:  3    Str:  3    XL:     9   Next: 10%
MP:   13/18         EV: 20    Int: 24    God:    Gozag
Gold: 395           SH:  4    Dex: 15    Spells: 5/19 levels left

rFire   . . .      SeeInvis +    a - +3 dagger (venom)
rCold   . . .      Faith    .    (no shield)
rNeg    . . .      Spirit   .    H - +1 robe
rPois   .          Reflect  .    (helmet restricted)
rElec   .          Harm     .    (no cloak)
rCorr   .          Rampage  .    (gloves unavailable)
Will    ++...                    (boots unavailable)
Stlth   ++++......               (no amulet)
HPRegen 0.25/turn                (no ring)
MPRegen 0.16/turn                (no ring)

@: confusing by touch, about to teleport, very heavily drained, very quick
A: very small, no large weapons, unfitting armour, see invisible, speed 3, large
bone plates 1, clever 1, strong-willed 1, evolution 1
a: Renounce Religion, Potion Petition, Call Merchant, Bribe Branch


You were on level 6 of the Dungeon.
You worshipped Gozag.
Gozag was aware of your devotion.
You visited 2 branches of the dungeon, and saw 7 of its levels.

You collected 667 gold pieces.
You spent 108 gold pieces at shops.
You paid 164 gold pieces to Gozag.

Inventory:

Hand Weapons
 a - a +3 dagger of venom (weapon)
 g - a +1 dagger
 h - a +2 vampiric dagger
 i - a +2 antimagic dagger
Missiles
 l - 18 poisoned darts (quivered)
 w - a throwing net {!f}
Armour
 H - a +1 robe (worn)
Wands
 B - a wand of charming (4)
Scrolls
 b - 2 scrolls of identify
 p - 3 scrolls of enchant armour
 s - a scroll of summoning
 y - 7 scrolls of teleportation
Potions
 c - 2 potions of invisibility
 j - a potion of lignification
 k - 3 potions of might
 m - 4 potions of flight
 n - 6 potions of curing
 o - a potion of magic
 u - 3 potions of brilliance
 v - 2 potions of cancellation
 x - a potion of heal wounds
 z - 2 potions of resistance
 I - a potion of berserk rage


   Skills:
 + Level 3.2 Fighting
 + Level 4.7 Short Blades
 + Level 6.3 Dodging
 - Level 8.0 Stealth
 + Level 5.9 Spellcasting
 + Level 2.7 Conjurations
 + Level 6.3 Hexes
 + Level 4.9 Transmutations


You had 5 spell levels left.
You knew the following spells:

 Your Spells              Type           Power      Damage    Failure   Level
a - Ensorcelled Hibernat  Hex/Ice        44%        N/A       3%          2
b - Confusing Touch       Hex            37%        N/A       1%          3
c - Spider Form           Tmut/Pois      19%        N/A       9%          3
d - Dazzling Flash        Conj/Hex       58%        N/A       3%          3
e - Summon Guardian Gole  Hex/Summ       22%        N/A       7%          3

Your spell library contained the following spells:

 Spells                   Type           Power      Damage    Failure   Level
 Tukima's Dance           Hex            37%        N/A       1%          3
 Anguish                  Hex/Necr       11%        N/A       22%         4
 Freezing Cloud           Conj/Ice/Air   5%         6-21      83%         5
 Orb of Destruction       Conj           10%        9d6       100%        7
 Spellforged Servitor     Conj/Summ      6%         N/A       100%        7
 Polar Vortex             Ice            3%         N/A       100%        9
 Simulacrum               Ice/Necr       Unusable   N/A       N/A         6

Dungeon Overview and Level Annotations

Branches:
Dungeon (6/15)             Temple (1/1) D:6

Altars:
Ashenzari
Cheibriados
Dithmenos
Elyvilon
Fedhas
Gozag
Hepliaklqana
Kikubaaqudgha
Nemelex Xobeh
Okawaru
Qazlal
Ru
Sif Muna
Trog
Uskayaw
Vehumet
Wu Jian
Yredelemnul
Zin
The Shining One

Shops:
D:2 [*:   D:4 !(


Innate Abilities, Weirdness & Mutations

You are very small and have problems with some larger weapons.
You are too small for most types of armour.
You have supernaturally acute eyesight. (SInv)
You cover ground extremely quickly. (Speed+++)
You are partially covered in large bone plates. (SH +4)
Your mind is acute. (Int +4, Str/Dex -1)
You are strong-willed. (Will+)
You have hidden genetic potential.


Message History

There is a staircase to the Ecumenical Temple here.
The wight hits you with a +0 spear. The wight completely misses you.
The wight hits you from afar with a +0 trident.
Casting: Ensorcelled Hibernation (safe; 3% risk of failure)
Confirm with . or Enter, or press ? or * to list all spells.
Your hands begin to glow red.
The wight barely misses you. The wight closely misses you.
You hit the wight but do no damage. The wight hits you with a +0 trident!
You feel drained.
You barely miss the wight. You block the wight's attack. The wight misses you.
The wight hits you with a +1 scimitar!!
* * * LOW HITPOINT WARNING * * *
You feel drained.
* * * LOW HITPOINT WARNING * * *
Okay, then.
You feel much better. The wight misses you. x4
As you read the scroll of teleportation, it crumbles to dust.
You feel strangely unstable. The wight barely misses you. The wight misses you.
The wight hits you with a +0 trident.
You feel drained. The wight hits you with a +1 scimitar.
You feel drained.
Casting: Confusing Touch (safe; 1% risk of failure)
Confirm with . or Enter, or press ? or * to list all spells.
Your hands begin to glow brighter.
You block the wight's attack. The wight completely misses you.
You block the wight's attack. The wight completely misses you.
You hit the wight but do no damage.
The wight hits you from afar with a +0 spear!
You feel drained. The wight closely misses you.
The wight hits you with a +0 trident!
* * * LOW HITPOINT WARNING * * *
Unknown command.
You feel much better. You block the wight's attack.
The wight hits you from afar with a +0 spear!
You feel drained. The wight hits you with a +6 scimitar!
* * * LOW HITPOINT WARNING * * *
You feel drained.
You die...
Your body crumbles into a pile of gold.

#.......)....# #..#...>...#.##
#.............# #..#.......#..#
## ##..z..........# #.
#...#.#.#.#.#..# #.
#.#.g..........# #.
#.##z#######...# ##.
############..zz@z.))....## ##..
.............########.########...
.................................
.................................
~~~~~~~~...~.~~~~..~~.~....~.~~~~
~≈~≈~~~~~~≈~~~~~~~≈~~~~z...~~≈~≈~
≈~≈≈≈≈~≈≈≈≈≈≈≈~≈≈≈≈~~~~....~~≈≈≈~
≈≈≈≈≈≈≈≈≈≈≈≈≈≈≈≈≈≈≈≈~≈......≈≈≈≈≈
########################'z#######


You could see 4 wights and a hobgoblin.

Vanquished Creatures
  Sigmund (D:4)
  A water moccasin (D:5)
  A black bear (D:5)
  A sky beast (D:6)
  3 ogres
  A centaur (D:6)
  2 phantoms
  2 bullfrogs
  2 necrophages (D:5)
  2 scorpions
  3 wights (D:6)
  3 killer bees (D:6)
  2 electric eels (D:6)
  A howler monkey (D:6)
  A hound (D:5)
  2 orc priests (D:6)
  An iguana (D:4)
  3 orc wizards (D:5)
  6 gnolls
  6 adders
  A white imp (D:6)
  2 ufetubi
  4 dart slugs
  16 orcs
  3 ball pythons
  11 endoplasms
  2 giant cockroaches
  22 goblins
  26 hobgoblins
  6 jackals (D:1)
  3 quokkas
  2 bats
  7 frilled lizards
  10 kobolds
  5 rats
164 creatures vanquished.

Notes
Turn   | Place    | Note
-------+----------+-------------------------------------------
     0 | D:1      | koil the Spriggan Enchanter began the quest for the Orb.
     0 | D:1      | Reached XP level 1. HP: 9/9 MP: 5/5
   194 | D:1      | Reached XP level 2. HP: 14/14 MP: 6/6
   211 | D:1      | Learned a level 2 spell: Ensorcelled Hibernation
   409 | D:1      | HP: 2/14 [dart slug/slug dart (6)]
   521 | D:1      | Reached XP level 3. HP: 17/17 MP: 8/8
  1075 | D:2      | Reached skill level 5 in Stealth
  1210 | D:2      | Found Omaqugh's Armour Emporium.
  1347 | D:2      | Learned a level 3 spell: Confusing Touch
  1349 | D:2      | Found Silammi's Book Emporium.
  1362 | D:2      | Reached skill level 1 in Fighting
  1371 | D:2      | Reached XP level 4. HP: 8/22 MP: 9/9
  1471 | D:2      | Found Veumiekko's Assorted Antiques.
  1823 | D:3      | Reached skill level 1 in Transmutations
  1912 | D:3      | Identified the +0 trident of Vanity {freeze, *Noise rF+
                  | MP+9 Dex+3}
  2374 | D:4      | Found Koramupp's Weapon Shop.
  2381 | D:4      | Reached XP level 5. HP: 25/25 MP: 7/11
  2449 | D:4      | Learned a level 3 spell: Spider Form
  2603 | D:4      | Found a glowing silver altar of Zin.
  2603 | D:4      | Found a white marble altar of Elyvilon.
  2603 | D:4      | Found a glowing golden altar of the Shining One.
  2766 | D:4      | Reached XP level 6. HP: 16/30 MP: 12/12
  2770 | D:4      | Learned a level 3 spell: Dazzling Flash
  2831 | D:4      | Noticed Sigmund
  2839 | D:4      | Killed Sigmund
  2840 | D:4      | Reached skill level 6 in Stealth
  2840 | D:4      | Reached skill level 1 in Conjurations
  3017 | D:4      | Found Weisaor's Distillery.
  3021 | D:4      | Bought a potion of degeneration for 12 gold pieces
  3021 | D:4      | Bought a potion of curing for 36 gold pieces
  3021 | D:4      | Bought a potion of heal wounds for 60 gold pieces
  3171 | D:5      | Entered Level 5 of the Dungeon
  3196 | D:5      | Reached XP level 7. HP: 24/34 MP: 11/14
  3200 | D:5      | Learned a level 3 spell: Summon Guardian Golem
  3304 | D:5      | Reached skill level 5 in Hexes
  3377 | D:5      | Found a stormy altar of Qazlal.
  3564 | D:5      | Found a sparkling altar of Nemelex Xobeh.
  3641 | D:5      | Reached skill level 5 in Dodging
  3813 | D:5      | Reached XP level 8. HP: 39/39 MP: 16/16
  4212 | D:6      | Reached skill level 7 in Stealth
  4212 | D:6      | Reached skill level 5 in Spellcasting
  4304 | D:6      | Found a staircase to the Ecumenical Temple.
  4361 | Temple   | Entered the Ecumenical Temple
  4643 | Temple   | Became a worshipper of Gozag Ym Sagoz the Greedy
  4701 | Temple   | Gained mutation: You are partially covered in large bone
                  | plates. (SH +4) [potion of mutation]
  4701 | Temple   | Gained mutation: You have hidden genetic potential. [potion
                  | of mutation]
  4701 | Temple   | Gained mutation: You are strong-willed. (Will+) [potion of
                  | mutation]
  4701 | Temple   | Gained mutation: Your mind is acute. (Int +4, Str/Dex -1)
                  | [potion of mutation]
  5335 | D:6      | Found a broken altar of Ashenzari.
  5477 | D:6      | Reached XP level 9. HP: 36/44 MP: 14/18
  5581 | D:6      | Reached skill level 8 in Stealth
  5912 | D:6      | HP: 6/42 [gnoll/+0 halberd (13)]
  6120 | D:6      | HP: 6/37 [wight/+1 scimitar (2)]
  6125 | D:6      | HP: 3/33 [wight/+6 scimitar (11)]
  6125 | D:6      | Slain by a wight

Illustrated notes

Levels and vault maps discovered:
D:1:      lightli_arrival_chessboard, layout_loops_ring
D:2:      layout_basic, serial_shops, nicolae_shop_behind_doors, shop,
          nicolae_shop_crystal
D:3:      layout_loops_ring, minmay_misc_feat_tiny, nicolae_hexahallways,
          minmay_ruptured
D:4:      layout_loops_ring, dreamdust_divine_triumvirate, serial_shops, shop,
          nicolae_stop_n_shop_1, nrook_uturn, uniq_sigmund
D:5:      layout_basic, mainiacjoe_overflow_cross_hatched,
          amcnicky_altar_gilded, reono_crystal_passage, minmay_misc_feat_plants
D:6:      minmay_goblin_kobold_castle, layout_basic,
          mainiacjoe_overflow_tiny_flanked, minmay_temple_entry_glass
Temple:   eino_temple_water

Skill      XL: |  1  2  3  4  5  6  7  8  9 |
---------------+----------------------------+-----
Dodging        | 3 4 5 6 |  6.3
Spellcasting   | 3 4 5 |  5.9
Hexes          | 4 5 6 |  6.3
Stealth        | 5 6 7 8 |  8.0
Fighting       | 1 2 3 |  3.2
Short Blades   | 2 3 4 |  4.7
Transmutations | 1 2 3 4 |  4.9
Conjurations   | 1 2 |  2.7

Action                   |  1- 3 |  4- 6 |  7- 9 || total
-------------------------+-------+-------+-------++-------
Melee: Dagger            |   105 |    79 |   223 ||   407
       Punch             |       |     1 |     3 ||     4
Throw: Dart              |       |       |     2 ||     2
 Cast: Ensorcelled Hiber |     3 |     2 |    19 ||    24
       Confusing Touch   |       |     1 |    12 ||    13
       Summon Guardian G |       |       |     2 ||     2
  Use: Scroll            |       |       |    13 ||    13
       Potion            |       |       |     5 ||     5
 Stab: Sleeping          |    13 |    10 |    24 ||    47
       Confused          |       |       |     6 ||     6
Armor: Robe              |     4 |     5 |    10 ||    19
Dodge: Dodged            |    64 |    46 |   163 ||   273
Block: Other             |       |       |    23 ||    23

Table legend: (Time is in decaauts)
 A = Elapsed time spent in this place.
 B = Non-inter-level travel time spent in this place.
 C = Inter-level travel time spent in this place.
 D = Time resting spent in this place.
 E = Time spent auto-exploring this place.
 F = Levels seen in this place.
 G = Mean time per level.
                   A        B        C        D        E       F      G
               +--------+--------+--------+--------+--------+-----+--------+
         Total |   4466 |   4399 |     67 |    236 |   3005 |   7 |  638.0 |
       Dungeon |   4122 |   4072 |     50 |    150 |   2822 |   6 |  687.0 |
        Temple |    343 |    326 |     17 |     86 |    183 |   1 |  343.0 |
               +--------+--------+--------+--------+--------+-----+--------+

Top non-repeatable levels by time:
     D:6: 1126 daAuts
     D:5: 801 daAuts
     D:1: 717 daAuts
     D:4: 570 daAuts
     D:3: 501 daAuts
     D:2: 405 daAuts
  Temple: 343 daAuts
